 Dungeon Crawl Stone Soup version 0.22-a0-367-gb72a975701 (webtiles) character file.

401925 Kriby the Sorcerer (level 22, -2/182 HPs)
             Began as a Mummy Fire Elementalist on Apr 15, 2018.
             Was a High Priest of Sif Muna.
             Slain by a caustic shrike (5 damage)
             ... on level 5 of the Depths on Apr 23, 2018.
             The game lasted 04:04:24 (92965 turns).

Kriby the Sorcerer (Mummy Fire Elementalist)       Turns: 92965, Time: 04:04:25

Health: -2/182     AC: 21    Str: 12    XL:     22   Next: 29%
Magic:  4/48       EV: 14    Int: 26    God:    Sif Muna [*****.]
Gold:   3856       SH: 13    Dex: 13    Spells: 25/66 levels left

rFire    . . .     SeeInvis .   n - staff of wizardry
rCold    . . .     Gourm    .   U - +1 buckler {AC+3}
rNeg     + + +     Faith    .   s - +0 steam dragon scales
rPois    ∞         Spirit   .   y - +2 helmet {Int+3}
rElec    .         Reflect  +   t - +2 cloak {MR+}
rCorr    .         Harm     .   I - +2 pair of gloves
MR       +++..                  O - +2 pair of boots
Stlth    ++........             F - +4 amulet of reflection
HPRegen  0.40/turn              R - ring of fire
MPRegen  0.31/turn              k - ring of flight

@: very slightly contaminated, divine energy
A: no food or potions, fire vulnerability, cold resistance 1, negative energy
resistance 3, torment resistance, unbreathing, in touch with death 1
}: 2/15 runes: decaying, gossamer
a: Stop Divine Energy, Channel Magic, Forget Spell, Renounce Religion, Evoke
Flight


You were on level 5 of the Depths.
You worshipped Sif Muna.
Sif Muna was extremely pleased with you.
You were not hungry.

You visited 8 branches of the dungeon, and saw 41 of its levels.
You also visited: Labyrinth, Bailey and Ice Cave.

You collected 4654 gold pieces.
You spent 798 gold pieces at shops.

Inventory:

Hand Weapons
 b - the +8 rapier "Ufrolute" {venom, Int+3}
   (You took it off a tengu warrior on level 13 of the Dungeon)

   It poisons the flesh of those it strikes.
   It affects your intelligence (+3).
 f - a +0 demon whip of venom
 p - a +3 trident of venom
Missiles
 g - 8 silver javelins (quivered)
 E - 32 javelins
 T - 2 poisoned javelins
Armour
 s - +0 steam dragon scales (worn)
 t - a +2 cloak of magic resistance (worn)
 y - a +2 helmet of intelligence (worn)
 I - a +2 pair of gloves (worn)
 J - a +2 large shield of protection
 O - a +2 pair of boots (worn)
 U - a +1 buckler of protection (worn)
Magical Staves
 n - an uncursed staff of wizardry (weapon)
 M - an uncursed staff of summoning
Jewellery
 e - an uncursed ring of protection from magic
 k - a ring of flight (right hand)
 z - a +3 ring of evasion
 D - an uncursed ring of see invisible
 F - a +4 amulet of reflection (around neck)
 K - an uncursed ring of protection from cold
 N - the ring "Kotowuxan" {Str+7 Int+4 Dex-5 Slay+4}
   (You found it on level 2 of the Depths)

   [ring of intelligence]

   It affects your strength (+7).
   It affects your intelligence (+4).
   It affects your dexterity (-5).
   It affects your accuracy and damage with ranged weapons and melee attacks
   (+4).
 R - a ring of fire (left hand)
 V - an uncursed ring of magical power
 W - an uncursed ring of wizardry
 Z - the ring "Oneq" {rCorr Int+3 Stlth+}
   (You found it on level 2 of the Depths)

   [ring of resist corrosion]

   It affects your intelligence (+3).
   It makes you more stealthy.
Wands
 o - a wand of clouds (2)
 q - a wand of acid (14)
 w - a wand of digging (3)
 A - a wand of random effects (121)
 B - a wand of disintegration (29)
 C - a wand of iceblast (9)
Scrolls
 a - 6 scrolls of enchant armour
 c - 3 scrolls of holy word
 d - 7 scrolls of enchant weapon
 i - 6 scrolls of amnesia
 j - 13 scrolls of identify
 l - 17 scrolls of remove curse
 m - a scroll of torment
 r - 6 scrolls of brand weapon
 u - 7 scrolls of immolation
 G - 2 scrolls of magic mapping
 H - 2 scrolls of silence
 S - 2 scrolls of vulnerability
Miscellaneous
 L - a lamp of fire
 Y - a phantom mirror


   Skills:
 + Level 17.4 Fighting
 - Level 2.1 Throwing
 - Level 3.0 Armour
 - Level 4.0 Dodging
 - Level 1.5 Stealth
 - Level 15.0 Shields
 + Level 22.7 Spellcasting
 + Level 14.6 Conjurations
 * Level 15.8 Fire Magic
 - Level 6.0 Invocations


You had 25 spell levels left.
You knew the following spells:

 Your Spells              Type           Power        Failure   Level  Hunger
a - Flame Tongue          Conj/Fire      #####        0%          1    N/A
b - Conjure Flame         Conj/Fire      ########     0%          3    N/A
c - Sticky Flame          Conj/Fire      ########     0%          4    N/A
d - Fireball              Conj/Fire      ########..   1%          5    N/A
e - Bolt of Fire          Conj/Fire      ########..   1%          6    N/A
f - Bolt of Magma         Conj/Fire/Erth #######...   1%          5    N/A
g - Blink                 Tloc           N/A          1%          2    N/A
h - Orb of Destruction    Conj           #######...   1%          7    N/A
i - Ignition              Fire           ########..   4%          8    N/A

Dungeon Overview and Level Annotations

Branches:
Dungeon (15/15)            Temple (1/1) D:7            Lair (6/6) D:10
  Swamp (4/4) Lair:3       Spider (4/4) Lair:4        Slime (0/5) Lair:5
    Orc (2/2) D:9             Elf (0/3) Orc:2        Vaults (4/5) D:13
  Crypt (0/3) Vaults:2     Depths (5/5) D:15            Zot (0/5) Depths:5

Altars:
Ashenzari
Cheibriados
Dithmenos
Elyvilon
Fedhas
Gozag
Hepliaklqana
Kikubaaqudgha
Makhleb
Nemelex Xobeh
Okawaru
Qazlal
Ru
Sif Muna
Trog
Uskayaw
Vehumet
Wu Jian
Xom
Yredelemnul
Zin
The Shining One
Beogh
Jiyva

Shops:
D:8 [(   D:10 [   D:12 (   Orc:2 !:?!   Vaults:2 [   Depths:1 ([   Depths:3 !

Portals:
Hell: Depths:1 Depths:2 Depths:3 Depths:4
Abyss: Depths:1 Depths:3 Depths:4
Pandemonium: Depths:1 Depths:3
Ziggurat: Depths:2

Annotations:
Lair:2 exclusion: 2 oklob plants
Lair:3 exclusion: oklob plant
Lair:5 1 runed door
Orc:1 2 runed doors, exclusion: orange crystal statue
Depths:2 exclusion: downstairs


Innate Abilities, Weirdness & Mutations

You do not eat or drink.
Your flesh is vulnerable to fire.
You are immune to poison.
Your flesh is cold resistant. (rC+)
You are immune to negative energy. (rN+++)
You are immune to unholy pain and torment.
You can survive without breathing.
You are in touch with the powers of death.


Message History

You blink.
The caustic shrike seems to regain its courage.
The hell knight gestures wildly while chanting.
The hell knight blinks!
You block the caustic shrike's attack. The caustic shrike claws you!
* * * LOW HITPOINT WARNING * * *
You are splashed with acid!
The acid burns!
* * * LOW HITPOINT WARNING * * *
Casting: Blink (safe; 1% risk of failure)
Confirm with . or Enter, or press ? or * to list all spells.
You blink.
The caustic shrike claws you but does no damage.
The caustic shrike completely misses you.
Casting: Blink (safe; 1% risk of failure)
Confirm with . or Enter, or press ? or * to list all spells.
You blink.
The caustic shrike closely misses you.
Casting: Blink (safe; 1% risk of failure)
Confirm with . or Enter, or press ? or * to list all spells.
You blink.
The caustic shrike claws you.
You die...

#.#####..# #.p#..## .
#........# #..##p..## #
#.######§# #...##....##
#.####### #.# #§...##.....
#...u.u.# #b## #.b)..##.q..
.......####.# #.§#
#.b....#..D. .#####§
#.###b.####......##... #u
#....b.§......#...##.. .†
######@bb......#....##. .§
.'......#.......##....## ..§
.#####..#q.#######.....# ###
#....###......##.#.... #...##
##.....##.##...
#.#######..##...##....##.###..
#.........##..#..##...##.# ##.
######...##..#.#..##...#.# ##
#....### .#._.#. ###.bb#


You could see 5 caustic shrikes.

Vanquished Creatures
  Mennas (Vaults:4)
  2 juggernauts
  Frederick (Vaults:4)
  the Lernaean hydra (Swamp:4)
  Xtahua (Depths:3)
  A caustic shrike (Depths:3)
  2 golden dragons (Depths:4)
  Jory (Depths:5)
  Jorgrun (Spider:3)
  3 tentacled monstrosities
  3 liches
  5 storm dragons
  A tengu reaver (Vaults:3)
  Kirke (Spider:2)
  An azure jelly (shapeshifter) (D:15)
  3 thorn hunters
  8 frost giants
  2 deep elf sorcerers
  An orc warlord (Bailey)
  Aizul (Swamp:2)
  4 fire giants
  4 emperor scorpions
  9 vault wardens
  A balrug (Depths:3)
  5 ghost moths
  Louise (Swamp:2)
  A draconian scorcher (Depths:5)
  A spriggan defender (Depths:4)
  A deep elf elementalist (Depths:4)
  11 very ugly things
  8 ironheart preservers
  A cacodemon (Depths:1)
  7 stone giants
  A vampire knight (Depths:2)
  3 entropy weavers
  The ghost of loom the Severer, a journeyman HOBe of Trog (Lair:5)
  A deep elf demonologist (Vaults:4)
  A red draconian (Depths:5)
  A minotaur (Lab)
  4 spark wasps
  The ghost of dcsswall the Geomancer, a journeyman DrEE of Hepliaklqana (D:11)
  A merfolk javelineer (Depths:2)
  11 ettins
  A crystal guardian (Vaults:4)
  A deep elf death mage (Vaults:4)
  5 fire dragons
  A merfolk impaler (Depths:2)
  10 yaktaur captains
  3 great orbs of eyes
  A deep elf high priest (Depths:4)
  14 ogre magi
  6 ice dragons
  4 vault guards
  The ghost of dricus the Basher, a journeyman DsAK of Lugonu (Lair:1)
  A monstrous demonspawn (Depths:1)
  4 rakshasas
  An anaconda (shapeshifter) (Depths:1)
  2 spriggan air magi
  4 death knights
  24 hydras
  55 two-headed ogres
  4 centaur warriors
  4 deep troll shamans
  9 deep troll earth magi
  3 vampire magi
  7 alligators
  8 tengu warriors
  Urug (Orc:1)
  A titan zombie (Depths:3)
  A shock serpent (shapeshifter) (Vaults:1)
  8 orc high priests (Orc:2)
  5 deep elf knights
  A sun demon (Depths:4)
  A fire crab (shapeshifter) (Vaults:2)
  7 shadow wraiths (Depths:2)
  4 skeletal warriors
  20 deep trolls
  9 swamp dragons
  4 flayed ghosts
  7 glowing orange brains
  A torturous demonspawn (Depths:3)
  3 unseen horrors
  6 phantasmal warriors
  A shadow demon (Depths:4)
  4 deep elf archers
  2 necromancers
  An obsidian statue (Depths:4)
  2 shambling mangroves
  28 wolf spiders
  19 orb spiders
  An orb spider (shapeshifter) (Depths:1)
  A fire giant zombie (Depths:2)
  4 wizards
  16 ironbrand convokers
  7 deep elf magi
  An orc sorcerer (Vaults:1)
  15 orc knights
  53 ugly things
  A shining eye (shapeshifter) (Depths:1)
  A frost giant skeleton (Depths:2)
  3 manticores
  A moth of wrath (Spider:2)
  6 cyclopes
  A fire giant skeleton (Depths:1)
  12 vault sentinels
  A rust devil (Depths:3)
  11 elephants
  5 ice statues (IceCv)
  An elephant (shapeshifter) (Depths:4)
  2 black mambas (shapeshifter)
  9 gargoyles
  3 black mambas
  2 guardian serpents (shapeshifter)
  2 orange demons
  16 spiny frogs
  Psyche (D:11)
  A storm dragon simulacrum (Depths:1)
  4 rime drakes
  A yaktaur zombie (Depths:1)
  2 freezing wraiths
  A yaktaur (shapeshifter) (Vaults:4)
  An ice devil (Depths:4)
  28 yaktaurs
  8 demonic crawlers
  2 hellwings
  3 anaconda simulacra (IceCv)
  3 komodo dragons
  3 tengu conjurers
  A golden dragon simulacrum (Depths:2)
  A jumping spider (shapeshifter) (Depths:4)
  22 jumping spiders
  3 red devils
  A troll (shapeshifter) (Vaults:1)
  A polar bear (shapeshifter) (Depths:2)
  10 trolls
  16 hornets
  4 polar bears
  Prince Ribbit (D:7)
  A harpy skeleton (D:14)
  Grinder (D:6)
  A raiju (shapeshifter) (Vaults:2)
  12 dream sheep
  42 slime creatures
  9 tyrant leeches
  5 blink frogs (Lair:2)
  A stone giant simulacrum (Depths:2)
  10 hippogriffs
  17 bog bodies
  4 spriggans
  72 redbacks
  A human simulacrum (Vaults:3)
  2 dire elephant simulacra (IceCv)
  11 water elementals
  7 shadows
  A vampire (D:15)
  7 wyverns
  46 yaks
  A spriggan skeleton (Depths:1)
  28 tarantellas
  9 wraiths
  3 hogs (shapeshifter)
  A neqoxec (Depths:3)
  14 hungry ghosts
  3 steam dragons
  3 hogs (Spider:2)
  A golden eye (shapeshifter) (Depths:5)
  A basilisk (Lair:6)
  29 vampire mosquitoes
  17 wargs
  15 swamp worms
  2 harpy simulacra (IceCv)
  An acid dragon (shapeshifter) (Vaults:3)
  A soldier ant (shapeshifter) (D:15)
  An iron troll simulacrum (IceCv)
  15 insubstantial wisps
  2 hell hounds (Lair:6)
  A hydra simulacrum (IceCv)
  15 water moccasins
  7 porcupines
  3 sky beasts
  2 phantoms
  43 orc warriors
  9 ice beasts
  A black bear (Lair:2)
  3 necrophages
  41 ogres
  10 swamp drakes
  9 boggarts
  2 eyes of draining (shapeshifter) (D:15)
  2 eyes of draining
  5 wolves (Lair:5)
  22 centaurs
  A big kobold (D:10)
  13 crocodiles
  17 bullfrogs
  An earth elemental (Lab)
  A water moccasin zombie (D:6)
  A scorpion (D:11)
  A scorpion (shapeshifter) (Vaults:4)
  11 killer bees
  A water moccasin skeleton (D:5)
  5 wights (D:10)
  3 electric eels
  2 howler monkeys
  13 crimson imps
  3 bullfrog zombies
  4 centaur zombies
  39 orc priests
  5 jellies
  25 orc wizards
  4 centaur skeletons
  5 hounds
  2 iron imps (Depths:4)
  A bullfrog skeleton (D:11)
  5 iguanas
  8 worker ants
  A killer bee zombie (D:5)
  2 worker ant zombies
  13 gnolls
  13 adders
  4 shadow imps
  4 white imps
  2 ufetubi (Depths:3)
  2 adder zombies (D:5)
  4 adder skeletons
  7 worms
  5 dart slugs
  5 leopard geckos
  124 orcs
  11 bats
  7 giant cockroaches
  6 goblins
  13 hobgoblins
  14 jackals
  4 quokkas
  A ball python (D:8)
  A frilled lizard (D:2)
  A jackal skeleton (D:5)
  31 kobolds
  A quokka zombie (D:5)
  6 rats
  A fungus (Lair:6)
  A plant (Lair:4)
1748 creatures vanquished.

Vanquished Creatures (others)
  2 tengu reavers
  A yaktaur captain (Vaults:4)
  An orc knight (D:15)
  A cyclops (Vaults:1)
  4 yaktaurs
  A jumping spider (Spider:1)
  A slime creature (Swamp:4)
  A redback (Spider:1)
  A centaur (Depths:1)
  A big kobold (D:14)
  A killer bee (D:8)
  An orc priest (D:9)
  An orc wizard (Orc:1)
  An orc (D:9)
  A kobold (D:3)
  3 bushes
  23 fungi
  14 plants
  8 toadstools (Swamp:2)
67 creatures vanquished.

Grand Total: 1815 creatures vanquished

Notes
Turn   | Place    | Note
-------+----------+-------------------------------------------
     0 | D:1      | Kriby the Mummy Fire Elementalist began the quest for the Orb.
     0 | D:1      | Reached XP level 1. HP: 13/13 MP: 4/4
    58 | D:1      | Reached skill level 3 in Spellcasting
    58 | D:1      | Reached skill level 1 in Conjurations
   198 | D:1      | Reached XP level 2. HP: 14/19 MP: 0/6
   747 | D:1      | Reached XP level 3. HP: 24/24 MP: 4/8
   932 | D:1      | Learned a level 3 spell: Conjure Flame
  1180 | D:2      | Reached skill level 4 in Spellcasting
  1200 | D:2      | Found a faded altar of an unknown god.
  1428 | D:2      | Reached XP level 4. HP: 30/30 MP: 8/10
  2463 | D:3      | Reached XP level 5. HP: 35/35 MP: 7/12
  2603 | D:3      | Reached skill level 5 in Spellcasting
  2872 | D:3      | Found a radiant altar of Vehumet.
  3900 | D:4      | Learned a level 4 spell: Sticky Flame
  3954 | D:4      | Noticed an ogre
  3968 | D:4      | Killed an ogre
  3968 | D:4      | Reached skill level 6 in Spellcasting
  3968 | D:4      | Reached XP level 6. HP: 41/41 MP: 3/15
  4512 | D:4      | Noticed a sky beast
  4515 | D:4      | Reached XP level 7. HP: 23/46 MP: 15/17
  4568 | D:4      | HP: 2/46 [sky beast (6)]
  5012 | D:4      | Found a white marble altar of Elyvilon.
  5152 | D:4      | Reached skill level 7 in Spellcasting
  5510 | D:5      | Entered Level 5 of the Dungeon
  6191 | D:5      | Reached skill level 8 in Spellcasting
  6539 | D:5      | Reached XP level 8. HP: 32/52 MP: 2/20
  6663 | D:5      | Learned a level 5 spell: Fireball
  6969 | D:6      | Noticed Grinder
  6982 | D:6      | Paralysed by Grinder for 4 turns
  6993 | D:6      | Killed Grinder
  6993 | D:6      | Reached skill level 9 in Spellcasting
  7122 | D:6      | Found a glowing golden altar of the Shining One.
  7130 | D:6      | Reached skill level 5 in Fire Magic
  7253 | D:6      | Found a snail-covered altar of Cheibriados.
  7853 | D:6      | Reached skill level 1 in Throwing
  7934 | D:7      | Found a glowing silver altar of Zin.
  8034 | D:7      | Reached skill level 10 in Spellcasting
  8160 | D:7      | Reached XP level 9. HP: 57/57 MP: 14/23
  8380 | D:7      | Found a shimmering altar of Xom.
  8381 | D:7      | Found a shimmering altar of Xom.
  8381 | D:7      | Found a shimmering altar of Xom.
  8382 | D:7      | Found a shimmering altar of Xom.
  8383 | D:7      | Found a shimmering altar of Xom.
  8383 | D:7      | Found a shimmering altar of Xom.
  8492 | D:7      | Noticed Prince Ribbit
  8506 | D:7      | Killed Prince Ribbit
  8506 | D:7      | Reached skill level 5 in Conjurations
  9105 | D:8      | Noticed a two-headed ogre
  9117 | D:8      | Killed a two-headed ogre
  9117 | D:8      | Reached skill level 11 in Spellcasting
 10025 | D:8      | Reached skill level 12 in Spellcasting
 10025 | D:8      | Reached XP level 10. HP: 45/63 MP: 18/26
 10191 | D:8      | Noticed a two-headed ogre
 10197 | D:8      | Killed a two-headed ogre
 10469 | D:8      | Noticed a two-headed ogre
 10469 | D:8      | Found Hyrphe's Antique Weapon Boutique.
 10479 | D:8      | Killed a two-headed ogre
 10710 | D:8      | Found Ehuwas's Antique Armour Emporium.
 10719 | D:8      | Bought an embroidered cloak for 225 gold pieces
 10869 | D:8      | Found an opulent altar of Gozag.
 11049 | D:9      | Found a flagged portal.
 11057 | D:9      | Reached skill level 13 in Spellcasting
 11152 | Bailey   | Entered a bailey
 11199 | Bailey   | Noticed an orc warlord
 11284 | Bailey   | Noticed an orc knight
 11298 | Bailey   | Killed an orc knight
 11419 | Bailey   | Found a runed gate.
 11420 | Bailey   | Found a runed gate.
 11421 | Bailey   | Found a runed gate.
 11934 | Bailey   | Killed an orc warlord
 12203 | Bailey   | Identified the Collected Works on Shifting Confrontation
 12213 | Bailey   | Got a slimy leather armour
 12214 | Bailey   | Identified the +1 leather armour "Taen" {rN+ MR- Str+4} (You found it in a bailey)
 12363 | D:7      | Found a staircase to the Ecumenical Temple.
 12373 | Temple   | Entered the Ecumenical Temple
 12448 | Temple   | Became a worshipper of Sif Muna the Loreminder
 12537 | D:9      | Found a basalt altar of Yredelemnul.
 12559 | D:9      | Reached XP level 11. HP: 68/68 MP: 19/28
 12768 | D:9      | Learned a level 6 spell: Bolt of Fire
 12990 | D:9      | Got an ancient fustibalus
 13066 | D:9      | Reached skill level 14 in Spellcasting
 13627 | D:9      | Found a stormy altar of Qazlal.
 13673 | D:9      | Found a staircase to the Orcish Mines.
 13745 | D:9      | Found a sparkling altar of Nemelex Xobeh.
 13974 | D:10     | Entered Level 10 of the Dungeon
 14108 | D:10     | Noticed a two-headed ogre
 14114 | D:10     | Killed a two-headed ogre
 14114 | D:10     | Reached * piety under Sif Muna
 14347 | D:10     | Found a staircase to the Lair.
 14653 | D:10     | Identified the cursed +2 fustibalus of Disembowelment {venom, rC- Dex+5} (You found it on level 9 of the Dungeon)
 14693 | D:10     | Noticed a purple ugly thing
 14708 | D:10     | Noticed a two-headed ogre
 14724 | D:10     | Killed a two-headed ogre
 14727 | D:10     | Killed a purple ugly thing
 14727 | D:10     | Reached skill level 15 in Spellcasting
 14935 | D:10     | Found Mekk's Armour Boutique.
 14943 | D:10     | Bought a +1 helmet of intelligence for 231 gold pieces
 14964 | D:10     | Found a shattered altar of Ashenzari.
 15092 | D:10     | Reached ** piety under Sif Muna
 15871 | Lair:1   | Entered Level 1 of the Lair of Beasts
 16129 | Lair:1   | Found a labyrinth entrance.
 16138 | Lab      | Entered a labyrinth
 16573 | Lab      | Reached XP level 12. HP: 65/74 MP: 23/31
 17217 | Lab      | Got an ichor-stained flail
 17222 | Lab      | Identified the cursed +1 flail of Ashenzari's Anger {venom, rN+ Str+2 Dex+2} (You found it in a labyrinth)
 18215 | Lab      | Noticed a minotaur
 18770 | Lab      | Reached *** piety under Sif Muna
 18770 | Lab      | Reached skill level 16 in Spellcasting
 19064 | Lab      | Killed a minotaur
 19191 | Lab      | Got an ichor-stained dagger
 19191 | Lab      | Got a jewelled leather armour
 19504 | Lair:1   | Noticed dricus's ghost (journeyman DsAK)
 19552 | Lair:1   | Killed dricus's ghost
 20571 | Lair:2   | You fall through a shaft!
 20587 | Lair:2   | Noticed a six-headed hydra
 20595 | Lair:2   | Killed a six-headed hydra
 21193 | Lair:2   | Reached **** piety under Sif Muna
 21494 | Lair:2   | Reached skill level 17 in Spellcasting
 22011 | Lair:2   | Identified the +6 dagger of Deflation {flame, +Inv Int-5 Dex+7} (You found it in a labyrinth)
 22012 | Lair:2   | Identified the cursed +0 leather armour of Rifoyp {MR+} (You found it in a labyrinth)
 23852 | Lair:3   | Found a staircase to the Swamp.
 24212 | Lair:3   | Gained mutation: You are in touch with the powers of death. [Mummy growth]
 24212 | Lair:3   | Reached XP level 13. HP: 77/79 MP: 27/34
 25404 | Lair:4   | Found a hole to the Spider Nest.
 25408 | Lair:4   | Reached ***** piety under Sif Muna
 25408 | Lair:4   | Identified Sif Muna's Incunabulum of the Harmful Glacier (Sif Muna gifted it to you on level 4 of the Lair of Beasts)
 25408 | Lair:4   | Received a gift from Sif Muna
 25408 | Lair:4   | Reached skill level 10 in Fire Magic
 25408 | Lair:4   | Reached skill level 1 in Invocations
 25753 | Lair:4   | Reached skill level 18 in Spellcasting
 27049 | Lair:5   | Noticed loom's ghost (journeyman HOBe)
 27061 | Lair:5   | Killed loom's ghost
 27061 | Lair:5   | Reached skill level 1 in Shields
 27695 | Lair:5   | Found a runed door.
 27695 | Lair:5   | Found a viscous altar of Jiyva.
 27695 | Lair:5   | Found a staircase to the Slime Pits.
 28300 | Lair:6   | Entered Level 6 of the Lair of Beasts
 28740 | Lair:5   | Learned a level 5 spell: Bolt of Magma
 28951 | Lair:6   | Reached skill level 5 in Fighting
 29404 | Lair:6   | Reached skill level 5 in Shields
 29404 | Lair:6   | Reached XP level 14. HP: 100/100 MP: 17/36
 30278 | D:11     | Noticed dcsswall's ghost (journeyman DrEE)
 30307 | D:11     | Killed dcsswall's ghost
 30538 | D:11     | Noticed Psyche
 30540 | D:11     | Killed Psyche
 32740 | D:12     | Found Yfall's Weapon Emporium.
 34064 | D:13     | Identified the +8 rapier "Ufrolute" {venom, Int+3} (You took it off a tengu warrior on level 13 of the Dungeon)
 34121 | D:13     | Found a gate to the Vaults.
 35106 | D:14     | Found an ornate altar of the Wu Jian Council.
 35803 | D:14     | Reached skill level 10 in Fighting
 36886 | D:14     | Found a bloodstained altar of Trog.
 37341 | D:15     | Entered Level 15 of the Dungeon
 37664 | D:15     | Reached XP level 15. HP: 118/118 MP: 31/37
 38572 | D:15     | Found a staircase to the Depths.
 38607 | D:15     | Noticed an azure jelly
 38607 | D:15     | a minotaur changed into an azure jelly
 38611 | D:15     | Killed an azure jelly
 38611 | D:15     | Reached skill level 10 in Shields
 39045 | D:15     | Identified Sif Muna's Disquisition on Creative Displacement (Sif Muna gifted it to you on level 15 of the Dungeon)
 39045 | D:15     | Received a gift from Sif Muna
 40085 | Spider:1 | Entered Level 1 of the Spider Nest
 42118 | Spider:1 | Noticed a ghost moth
 42126 | Spider:1 | Killed a ghost moth
 43404 | Spider:2 | Noticed Kirke
 43415 | Spider:2 | Killed Kirke
 43415 | Spider:2 | Reached skill level 10 in Conjurations
 44923 | Spider:3 | Reached XP level 16. HP: 118/132 MP: 1/38
 45502 | Spider:3 | Noticed Jorgrun
 45509 | Spider:3 | Killed Jorgrun
 46872 | Spider:3 | Upgraded the game from 0.22-a0-353-g2d6336e718 to 0.22-a0-359-g5e80d7e212
 46888 | Spider:4 | Entered Level 4 of the Spider Nest
 47351 | Spider:4 | Identified Sif Muna's Papyrus of Aerial Hexes (Sif Muna gifted it to you on level 4 of the Spider Nest)
 47351 | Spider:4 | Received a gift from Sif Muna
 48694 | Spider:4 | Reached skill level 19 in Spellcasting
 49333 | Spider:4 | Reached skill level 1 in Armour
 51677 | Spider:4 | Got a gossamer rune of Zot
 51820 | Lair:4   | Upgraded the game from 0.22-a0-359-g5e80d7e212 to 0.22-a0-362-g535178c5c5
 51873 | Swamp:1  | Entered Level 1 of the Swamp
 52249 | Swamp:1  | Found a frozen archway.
 52268 | IceCv    | Entered an ice cave
 52616 | IceCv    | Reached XP level 17. HP: 139/139 MP: 27/40
 52797 | IceCv    | Identified Sif Muna's Compendium of Conjuration and Lightness (Sif Muna gifted it to you in an ice cave)
 52797 | IceCv    | Received a gift from Sif Muna
 54647 | Swamp:2  | Noticed Aizul
 54654 | Swamp:2  | Killed Aizul
 55295 | Swamp:2  | Identified a scroll of acquirement
 55679 | Swamp:2  | Noticed Louise
 55682 | Swamp:2  | Killed Louise
 57302 | Swamp:4  | Entered Level 4 of the Swamp
 57670 | Swamp:4  | Identified Vegodih's Guide on Ghastly Combat Magic (Sif Muna gifted it to you on level 4 of the Swamp)
 57670 | Swamp:4  | Received a gift from Sif Muna
 59156 | Swamp:4  | Reached skill level 20 in Spellcasting
 59553 | Swamp:4  | Noticed the 27-headed Lernaean hydra
 59777 | Swamp:4  | Learned a level 2 spell: Blink
 60544 | Swamp:4  | Killed the 27-headed Lernaean hydra
 60544 | Swamp:4  | Reached XP level 18. HP: 147/147 MP: 27/42
 60551 | Swamp:4  | Got a decaying rune of Zot
 60843 | Orc:1    | Entered Level 1 of the Orcish Mines
 61068 | Orc:1    | Noticed Urug
 61080 | Orc:1    | Killed Urug
 61534 | Orc:1    | Found a runed door.
 61548 | Orc:1    | Found the +10 large shield of Ignorance {rN+ Int-4}
 61553 | Orc:1    | Found a runed door.
 61785 | Orc:2    | Entered Level 2 of the Orcish Mines
 61985 | Orc:2    | Found a staircase to the Elven Halls.
 63281 | Orc:2    | Found a roughly hewn altar of Beogh.
 63347 | Orc:2    | Found Wehab's Magic Scroll Boutique.
 63347 | Orc:2    | Found Xotunu's Distillery.
 63523 | Orc:2    | Bought a scroll of enchant weapon for 90 gold pieces
 63523 | Orc:2    | Bought a scroll of teleportation for 36 gold pieces
 63523 | Orc:2    | Bought a scroll of enchant weapon for 90 gold pieces
 63523 | Orc:2    | Bought a scroll of teleportation for 36 gold pieces
 63523 | Orc:2    | Bought a scroll of enchant armour for 90 gold pieces
 63624 | Orc:2    | Received a gift from Sif Muna
 63728 | Orc:2    | Found Xeuxtade's Distillery.
 63728 | Orc:2    | Found Soodgh's Book Emporium.
 64164 | Vaults:1 | Entered Level 1 of the Vaults
 64512 | Vaults:1 | Identified the cursed +0 hunting sling of Instinct {freeze, rPois MR+ Dex+5 SInv} (You found it on level 1 of the Vaults)
 64540 | Vaults:1 | Reached skill level 5 in Invocations
 67751 | Vaults:2 | Reached skill level 15 in Fighting
 68141 | Vaults:2 | Identified the cursed +0 scale mail of Xom's Approval {Slay+6} (You found it on level 2 of the Vaults)
 68167 | Vaults:2 | Identified the Disquisition on Orientation and Poison
 68188 | Vaults:2 | Found Piahang's Armour Emporium.
 68446 | Vaults:2 | Found a staircase to the Crypt.
 68530 | Vaults:2 | Received a gift from Sif Muna
 69483 | Vaults:3 | Reached XP level 19. HP: 118/155 MP: 16/43
 72238 | Vaults:4 | Noticed Mennas
 72402 | Vaults:3 | Learned a level 7 spell: Orb of Destruction
 73317 | Vaults:4 | Reached skill level 21 in Spellcasting
 74472 | Lair:4   | Identified the +1 ring mail of Restlessness {+Blink rC+} (You found it on level 4 of the Lair of Beasts)
 75005 | Vaults:4 | Killed Mennas
 75455 | Vaults:4 | Identified Sif Muna's Lost Secrets of Thaumaturgy (Sif Muna gifted it to you on level 4 of the Vaults)
 75455 | Vaults:4 | Received a gift from Sif Muna
 75956 | Vaults:4 | Noticed Frederick
 75965 | Vaults:4 | Killed Frederick
 75965 | Vaults:4 | Reached XP level 20. HP: 110/164 MP: 28/45
 77708 | Depths:1 | Entered Level 1 of the Depths
 78171 | Depths:1 | Found Diyjaq's Weapon Boutique.
 78176 | Depths:1 | Found Maufuh's Armour Boutique.
 79654 | Depths:1 | Found a one-way gate leading to the halls of Pandemonium.
 79716 | Depths:1 | Found a one-way gate to the infinite horrors of the Abyss.
 79848 | Depths:1 | Found a gateway to Hell.
 80240 | Depths:1 | Identified Sif Muna's Papyrus of Conjuration (Sif Muna gifted it to you on level 1 of the Depths)
 80240 | Depths:1 | Received a gift from Sif Muna
 80243 | Depths:1 | Reached skill level 15 in Shields
 81348 | Depths:2 | Learned a level 8 spell: Ignition
 81492 | Depths:2 | Found a gateway to a ziggurat.
 82809 | Depths:2 | Reached XP level 21. HP: 147/172 MP: 27/46
 83460 | Depths:2 | Got a fine golden ring
 84326 | Depths:2 | Identified the ring "Oneq" {rCorr Int+3 Stlth+} (You found it on level 2 of the Depths)
 84406 | Depths:2 | Identified the Collected Works on Cold and Sinister Rituals
 84413 | Depths:2 | Got a twitching amber ring
 84414 | Depths:2 | Identified the ring "Kotowuxan" {Str+7 Int+4 Dex-5 Slay+4} (You found it on level 2 of the Depths)
 84535 | Depths:2 | Received a gift from Sif Muna
 84919 | Depths:3 | Noticed a juggernaut
 84927 | Depths:2 | Reached skill level 22 in Spellcasting
 85303 | Depths:2 | Killed a juggernaut
 85589 | Depths:3 | Noticed Xtahua
 85737 | Depths:3 | Noticed a caustic shrike
 85742 | Depths:3 | Killed a caustic shrike
 85771 | Depths:3 | Killed Xtahua
 87175 | Depths:3 | Reached skill level 15 in Fire Magic
 87303 | Depths:3 | Found Hetanyny's Distillery.
 87989 | Depths:3 | Received a gift from Sif Muna
 88741 | Depths:4 | Noticed a golden dragon
 89579 | Depths:4 | Noticed a golden dragon
 89584 | Depths:4 | Killed a golden dragon
 89597 | Depths:4 | Found a shimmering altar of Xom.
 89628 | Depths:4 | Reached ****** piety under Sif Muna
 89652 | Depths:4 | Noticed a juggernaut
 90112 | Depths:4 | Killed a golden dragon
 90389 | Depths:4 | Reached XP level 22. HP: 148/182 MP: 1/48
 91015 | Depths:4 | Killed a juggernaut
 91251 | Depths:4 | Identified the +2 hat of Misoaceps {Str+6} (You acquired it on level 4 of the Depths)
 91779 | Depths:5 | Entered Level 5 of the Depths
 91869 | Depths:5 | Upgraded the game from 0.22-a0-362-g535178c5c5 to 0.22-a0-367-gb72a975701
 91903 | Depths:5 | Found a glowing golden altar of the Shining One.
 91918 | Depths:5 | Noticed Jory
 91926 | Depths:5 | Killed Jory
 92749 | Depths:5 | Noticed a caustic shrike
 92750 | Depths:5 | Noticed a caustic shrike
 92750 | Depths:5 | Noticed a caustic shrike
 92751 | Depths:5 | Noticed a caustic shrike
 92752 | Depths:5 | Noticed a caustic shrike
 92753 | Depths:5 | Identified Sif Muna's Collected Works on Quantum Feathers (Sif Muna gifted it to you on level 5 of the Depths)
 92753 | Depths:5 | Received a gift from Sif Muna
 92932 | Depths:5 | Found a gate to the Realm of Zot.
 92932 | Depths:5 | Noticed a golden dragon
 92962 | Depths:5 | HP: 6/182 [caustic shrike (16)]
 92962 | Depths:5 | HP: 2/182 [acid (4)]
 92965 | Depths:5 | Slain by a caustic shrike

Vault maps used:
D:1:      zaba_arrival_water, due_unseen_surprise
D:2:      first_ration, chequers_ecumenical_altar_simple_redux
D:3:      lemuel_upstairs_altar, fiery_altar_vehumet, minivault_5
D:4:      nicolae_overflow_crystal_walls, wad_floor_pattern_untrapped
D:5:      serial_undead, serial_undead_a, serial_undead_b, serial_undead_b,
          serial_undead_a
D:6:      old_standard_altar, old_standard_altar, uniq_grinder
D:7:      xom_redecorated, minmay_temple_entry_from_below_a, basic_altar,
          uniq_prince_ribbit1
D:8:      cheibrodos_steamvent, lemuel_coloured_pillars_altar, serial_shops,
          nicolae_shop_behind_doors, nicolae_shop_behind_doors
D:9:      cheibrodos_statue_roulette, grunt_qazlal_clouds,
          nemelex_xobeh_ov_fountains_minmay, lemuel_round_altar, enter_bailey_2
D:10:     erik_lair_orcish_takeover, serial_shops, nicolae_shop_behind_doors,
          serial_column_ruins, column_ruins_columns_dead_end,
          column_ruins_grid_4, column_ruins_open_tiny, the_bakery,
          ashenzari_altar_1
D:11:     uniq_psyche
D:12:     serial_shops, shop
D:13:     david_vaults_5, kennysheep_nub, st_stairs_10
D:14:     lemuel_crystal_altar, grunt_decor_cap, trog_ov_bears_minmay
D:15:     gammafunk_enter_depths_forms, minmay_door_square
Temple:   dshaligram_water_room_temple
Lair:1:   lab_entry_generic, nicolae_quartered_pool_super
Lair:2:   patterned_corridor, minmay_lair_oklob_chamber
Lair:3:   minmay_swamp_entry_worms, grunt_megastairs_4
Lair:4:   spider_nest_entry_funnel_web, enter_volcano_1, serial_bayou_shore_a
Lair:5:   slime_altar_2
Lair:6:   cheibrodos_lair_end_hotspot
Swamp:1:  portal_ice_cave_entry_pillars_2, infiniplex_staircase_pool
Swamp:2:  cheibrodos_swamp_tower_of_moss, evilmike_swamp_ruin_wall,
          nicolae_swamp_baby_hydras, uniq_louise, uniq_aizul
Swamp:3:  evilmike_swamp_ruin_house_6, infiniplex_staircase_pool_2
Swamp:4:  grunt_swamp_rune_castle
Spider:2: uniq_kirke
Spider:3: nicolae_spider_shape, uniq_jorgrun
Spider:4: grunt_spider_rune_parallel, spider_trap
Orc:1:    chequers_guarded_unrand_ignorance, uniq_urug, uniq_snorg
Orc:2:    st_orc_town
Vaults:1: hangedman_vaults_stream, v_misc_5, nicolae_vaults_little_squares_1,
          vaults_room_pool, v_rooms_4, nicolae_vaults_network_quinsquares,
          v_alt_pattern_3, grunt_vaults_hallway_short, v_misc_2,
          vaults_room_grunt_arrival_ludios
Vaults:2: blue_anna_dwarven_crypt, v_pattern_4, grunt_vaults_hallway_short,
          ontoclasm_vaults_loading_screen, vaults_dpeg_cross,
          vaults_room_stairs_pillars, serial_shops, shop
Vaults:3: ontoclasm_vaults_ring_square, serial_ice_h, v_misc_8,
          nicolae_vaults_specimen_jars, nicolae_vaults_network_square,
          grunt_vaults_bifocal, nicolae_vaults_display_case,
          ontoclasm_vaults_fault, v_misc_3, v_misc_14, vaults_room_semicircle,
          vaults_standard_mumra_enter_the_diamond
Vaults:4: nicolae_vaults_ninety_degrees, hangedman_vaults_restitches,
          v_pattern_5, grunt_vaults_swirl, v_misc_1,
          ontoclasm_vaults_ring_small, ontoclasm_vaults_decontamination,
          nicolae_vaults_mini_display_case, uniq_frederick, uniq_mennas
Depths:1: rand_demon_pan_entry_5, hangedman_glass_teeth, abyss_entry,
          hell_entry, lemuel_old_faithful, minmay_shop_star
Depths:2: minmay_haunted_quarter, enter_ziggurat_e, hell_entry, nrook_uturn,
          minmay_staircase_windowed_small
Depths:3: minmay_chopped_fan, hangedman_abyss_entry_splay,
          pf_hell_entry_great_geh, serial_shops, nicolae_shop_behind_doors,
          grunt_pan_entry_zigzag, dk_noncrumbling_4,
          infiniplex_staircase_split_hallway, uniq_xtahua
Depths:4: hangedman_arch_fort, grunt_hell_entry_demonic_statue,
          abyss_entry_crystal, kennysheep_flooded_box
Depths:5: grunt_zot_entry_bicorn, rand_demon_pan_entry_8, hell_entry,
          tso_metal_star, uniq_jory
Lab:      nicolae_lab_lava, labyrinth_skeletal_remains, lab_block,
          nicolae_lab_t_cross, nicolae_lab_plus, nicolae_lab_diamond,
          nicolae_lab_swirl, lab_fountain
Bailey:   bailey_axe_bossmonster_kennysheep, bailey
IceCv:    ice_cave_statue_garden_chambered

Skill      XL: |  1  2  3  4  5  6  7  8  9 10 11 12 13 14 15 16 17 18 19 20 21 |
---------------+----------------------------------------------------------------+-----
Spellcasting   | 3 4 6 8 10 12 13 15 17 18 19 20 21 22 | 22.7
Conjurations   | 1 2 3 4 5 7 8 9 10 11 12 13 14 | 14.6
Fire Magic     | 3 4 5 6 7 8 9 10 11 12 13 14 15 | 15.8
Throwing       | 1 2 |  2.1
Invocations    | 2 4 6 |  6.0
Fighting       | 6 11 13 14 15 16 17 | 17.4
Shields        | 5 9 11 12 13 14 15 | 15.0
Armour         | 2 3 |  3.0
Dodging        | 2 4 |  4.0
Stealth        | |  1.5

Action                   |  1- 3 |  4- 6 |  7- 9 | 10-12 | 13-15 | 16-18 | 19-21 | 22-24 || total
-------------------------+-------+-------+-------+-------+-------+-------+-------+-------++-------
Melee: Unarmed           |    19 |       |       |       |       |       |       |       ||    19
       Dagger            |       |     7 |       |       |       |       |       |       ||     7
       Trident           |       |     7 |    30 |   135 |   110 |       |       |       ||   282
       Rapier            |       |       |       |       |   125 |   165 |    42 |       ||   332
       Staff             |       |       |       |       |       |       |    21 |     2 ||    23
Throw: Javelin           |     5 |     1 |    13 |       |       |     4 |       |       ||    23
 Cast: Flame Tongue      |    61 |   155 |   307 |   388 |   429 |    36 |     1 |       ||  1377
       Conjure Flame     |       |     2 |    22 |    38 |    68 |     8 |       |       ||   138
       Sticky Flame      |       |       |     1 |    98 |   173 |    86 |    39 |       ||   397
       Fireball          |       |       |     1 |    49 |    65 |   120 |   148 |     5 ||   388
       Bolt of Fire      |       |       |       |     4 |   175 |   537 |   376 |     4 ||  1096
       Bolt of Magma     |       |       |       |       |    16 |    55 |    14 |       ||    85
       Blink             |       |       |       |       |       |     4 |     7 |     9 ||    20
       Orb of Destructio |       |       |       |       |       |       |   154 |    63 ||   217
       Ignition          |       |       |       |       |       |       |     3 |     8 ||    11
Invok: Divine Energy     |       |       |       |     1 |       |       |       |       ||     1
       Channel Magic     |       |       |       |       |       |     7 |     4 |       ||    11
 Abil: Evoke Flight      |       |       |       |       |       |       |     5 |       ||     5
       Stop Flying       |       |       |       |       |       |       |     1 |       ||     1
Evoke: Wand              |       |       |    10 |    20 |    50 |     7 |     9 |     1 ||    97
       Phantom mirror    |       |       |       |       |     1 |     1 |       |     2 ||     4
       Lamp of fire      |       |       |       |       |       |       |     3 |       ||     3
  Use: Scroll            |       |     5 |     2 |    18 |     7 |    18 |    19 |    13 ||    82
 Stab: Sleeping          |       |       |       |       |     3 |       |       |       ||     3
       Confused          |       |       |       |       |       |     1 |       |       ||     1
Armor: Robe              |     7 |       |       |       |       |       |       |       ||     7
       Leather armour    |    13 |    20 |    36 |       |       |       |       |       ||    69
       Steam dragon scal |       |       |     6 |    74 |   277 |   160 |   124 |    11 ||   652
Dodge: Dodged            |    43 |    40 |    81 |   232 |   439 |   229 |   129 |    20 ||  1213
Block: Other             |       |       |       |    11 |    60 |       |       |       ||    71
       Shield            |       |       |       |     1 |       |       |    55 |       ||    56
       Buckler           |       |       |       |       |   183 |   238 |   144 |    27 ||   592
       Reflection        |       |       |       |       |     6 |    19 |    39 |     6 ||    70

Table legend:
 A = Spawn XP
 B = Non-spawn XP
 C = Spawn XP percentage of total XP
 D = Spawn monster count
 E = Non-spawn monster count
 F = Spawn count percentage of total count
 G = Total turns spent on level
                    A         B        C        D         E        F      G
               +---------+---------+-------+---------+---------+-------+---------
         Total |       0 |  747313 |   0.0 |       0 |    1760 |   0.0 | 92965
               +---------+---------+-------+---------+---------+-------+---------
           D:1 |       0 |      45 |   0.0 |       0 |      24 |   0.0 |   997
           D:2 |       0 |      85 |   0.0 |       0 |      25 |   0.0 |  1196
           D:3 |       0 |     173 |   0.0 |       0 |      30 |   0.0 |  1924
           D:4 |       0 |     696 |   0.0 |       0 |      20 |   0.0 |  1508
           D:5 |       0 |     563 |   0.0 |       0 |      24 |   0.0 |  1290
           D:6 |       0 |     949 |   0.0 |       0 |      19 |   0.0 |  1004
           D:7 |       0 |    1275 |   0.0 |       0 |      21 |   0.0 |  1341
           D:8 |       0 |    4120 |   0.0 |       0 |      24 |   0.0 |  1794
           D:9 |       0 |    3475 |   0.0 |       0 |      35 |   0.0 |  2409
          D:10 |       0 |    5555 |   0.0 |       0 |      44 |   0.0 |  1898
          D:11 |       0 |    5434 |   0.0 |       0 |      25 |   0.0 |  1682
          D:12 |       0 |    5081 |   0.0 |       0 |      30 |   0.0 |  1651
          D:13 |       0 |    8035 |   0.0 |       0 |      22 |   0.0 |  2604
          D:14 |       0 |   13623 |   0.0 |       0 |      59 |   0.0 |  2276
          D:15 |       0 |   23459 |   0.0 |       0 |      62 |   0.0 |  3043
        Lair:1 |       0 |    3995 |   0.0 |       0 |      13 |   0.0 |  1698
        Lair:2 |       0 |    7057 |   0.0 |       0 |      29 |   0.0 |  2917
        Lair:3 |       0 |    4260 |   0.0 |       0 |      21 |   0.0 |  1917
        Lair:4 |       0 |   10183 |   0.0 |       0 |      37 |   0.0 |  2794
        Lair:5 |       0 |   11167 |   0.0 |       0 |      42 |   0.0 |  2227
        Lair:6 |       0 |   10219 |   0.0 |       0 |      31 |   0.0 |  1511
       Swamp:1 |       0 |   13195 |   0.0 |       0 |      34 |   0.0 |  1279
       Swamp:2 |       0 |   19272 |   0.0 |       0 |      34 |   0.0 |  2220
       Swamp:3 |       0 |   11896 |   0.0 |       0 |      24 |   0.0 |  1222
       Swamp:4 |       0 |   34062 |   0.0 |       0 |      76 |   0.0 |  3224
      Spider:1 |       0 |   14325 |   0.0 |       0 |      38 |   0.0 |  1286
      Spider:2 |       0 |    8995 |   0.0 |       0 |      22 |   0.0 |  2274
      Spider:3 |       0 |   19921 |   0.0 |       0 |      45 |   0.0 |  3229
      Spider:4 |       0 |   36736 |   0.0 |       0 |      80 |   0.0 |  3119
         Orc:1 |       0 |    2527 |   0.0 |       0 |      29 |   0.0 |   605
         Orc:2 |       0 |   10208 |   0.0 |       0 |      84 |   0.0 |  2100
      Vaults:1 |       0 |   46720 |   0.0 |       0 |      86 |   0.0 |  2801
      Vaults:2 |       0 |   21228 |   0.0 |       0 |      41 |   0.0 |  3265
      Vaults:3 |       0 |   50400 |   0.0 |       0 |      92 |   0.0 |  3308
      Vaults:4 |       0 |   76993 |   0.0 |       0 |      90 |   0.0 |  3443
      Depths:1 |       0 |   55835 |   0.0 |       0 |      83 |   0.0 |  3445
      Depths:2 |       0 |   68415 |   0.0 |       0 |      84 |   0.0 |  4498
      Depths:3 |       0 |   43815 |   0.0 |       0 |      40 |   0.0 |  3901
      Depths:4 |       0 |   56906 |   0.0 |       0 |      56 |   0.0 |  1660
      Depths:5 |       0 |   20739 |   0.0 |       0 |      19 |   0.0 |  1186
           Lab |       0 |    5032 |   0.0 |       0 |      17 |   0.0 |  3196
        Bailey |       0 |    2600 |   0.0 |       0 |      27 |   0.0 |  1178
         IceCv |       0 |    8044 |   0.0 |       0 |      22 |   0.0 |   753
               +---------+---------+-------+---------+---------+-------+---------
